 Dungeon Crawl Stone Soup version 0.29.1-4-g47bece8355 (webtiles) character file.

Game seed: 8026051846471612027

61 retardedninja the Trooper (level 4, -2/40 HPs)
             Began as a Hill Orc Fighter on Dec 6, 2022.
             Killed by divine providence
             ... invoked by an orc priest
              (16 damage)
             ... on level 3 of the Dungeon.
             The game lasted 00:02:40 (2677 turns).

retardedninja the Trooper (Hill Orc Fighter)        Turns: 2677, Time: 00:02:41

Health: -2/40      AC: 13    Str: 20    XL:     4   Next: 7%
Magic:  4/4        EV:  9    Int:  8    God:
Gold:   158        SH:  4    Dex: 10    Spells: 3/3 levels left

rFire   . . .      SeeInvis .   a - +0 war axe
rCold   . . .      Faith    .   c - +0 buckler
rNeg    . . .      Spirit   .   b - +0 scale mail
rPois   .          Reflect  .   o - +0 helmet
rElec   .          Harm     .   (no cloak)
rCorr   .          Rampage  .   (no gloves)
Will    .....                   r - +0 pair of boots
Stlth   ..........              (no amulet)
HPRegen 0.13/turn               h - +4 ring of protection
MPRegen 0.09/turn               (no ring)

@: mighty
A: no striking features
a: Convert to Beogh


You were on level 3 of the Dungeon.
You visited 1 branch of the dungeon, and saw 3 of its levels.

You collected 158 gold pieces.

Inventory:

Hand Weapons
 a - a +0 war axe (weapon)
Missiles
 e - 2 boomerangs (quivered)
Armour
 b - a +0 scale mail (worn)
 c - a +0 buckler (worn)
 o - a +0 helmet (worn)
 r - a +0 pair of boots (worn)
Jewellery
 h - a +4 ring of protection (left hand)
 n - a ring of protection from cold
Scrolls
 j - 4 scrolls of identify {unknown}
 p - a scroll of vulnerability {unknown}
 q - a scroll of butterflies {unknown}
 s - a scroll of magic mapping {unknown}
Potions
 d - a potion of might
 f - a potion of curing {unknown}
 g - a potion of berserk rage {unknown}
 i - a potion of mutation {unknown}
 k - a potion of cancellation {unknown}
 l - 3 potions of heal wounds {unknown}
 m - a potion of invisibility {unknown}


   Skills:
 + Level 4.2 Fighting
 + Level 3.5 Axes
 + Level 3.9 Armour
 - Level 3.9 Shields


You had 3 spell levels left.
You didn't know any spells.
Your spell library was empty.

Dungeon Overview and Level Annotations

Branches:
Dungeon (3/15)

Altars:

Shops:
D:2 ?


Message History

Unknown command.
You feel very mighty all of a sudden. The orc hits you but does no damage.
The orc misses you.
Unknown command.
Unknown command.
You slash the orc!
You kill the orc!
You slash the orc!
You kill the orc!
Unknown command.
You barely miss something.
You hear some strange, mumbled words.
A magic dart appears from out of thin air!
The magic dart hits you.
You closely miss something. Something hits you. You block something's attack.
An orc priest comes into view. It is wielding a +0 dagger.
Unknown command.
You closely miss something. x2; You block something's attack.
Something hits you but does no damage.
Unknown command.
Unknown command.
You miss something. You closely miss something.
The orc priest invokes the aid of Beogh against you.
Beogh smites you! Something hits you.
You hear some strange, mumbled words.
Something tries to affect you, but you resist.
Something hits you but does no damage. x2
Unknown command.
You barely miss something. You closely miss something.
Something hits you but does no damage. x2
Unknown command.
You barely miss something. You closely miss something.
Something hits you but does no damage. Something hits you.
You miss something.
The orc priest shouts, "Surrender to Beogh and we'll let you live!" (press Y on the ability menu to convert to Beogh)
You slash something!
The orc priest invokes the aid of Beogh against you.
Beogh smites you!
You die...

###.###......
#..###......
#.#.........
#.#..###.##
#.##.###.#
#.##.....###
#.#####....# #.#
###.##{######
#.#
#....@{oo....
......♣♣♣♣..PPPP
#.###.. .....
### ####


You could see an orc priest and an orc.

Vanquished Creatures
  A gnoll (D:1)
  An adder (D:2)
  2 worms (D:2)
  2 dart slugs
  2 orcs (D:3)
  3 ball pythons
  2 endoplasms
  A giant cockroach (D:2)
  5 goblins
  A hobgoblin (D:2)
  2 kobolds (D:1)
  A quokka (D:2)
  2 bats (D:2)
  4 frilled lizards
  2 rats
31 creatures vanquished.

Notes
Turn   | Place    | Note
-------+----------+-------------------------------------------
     0 | D:1      | retardedninja the Hill Orc Fighter began the quest for the
                  | Orb.
     0 | D:1      | Reached XP level 1. HP: 19/19 MP: 1/1
   594 | D:1      | Reached XP level 2. HP: 20/27 MP: 2/2
  1253 | D:2      | Found a faded altar of an unknown god.
  1334 | D:2      | Reached skill level 4 in Fighting
  1334 | D:2      | Reached XP level 3. HP: 33/33 MP: 3/3
  1437 | D:2      | Found Lenaif's Magic Scroll Boutique.
  2523 | D:2      | Reached XP level 4. HP: 37/40 MP: 4/4
  2677 | D:3      | Killed from afar by an orc priest

Illustrated notes

Levels and vault maps discovered:
D:1:      minmay_arrival_widening_spiral_wide, layout_basic,
          corexii_item_surrounded_by_moat, minmay_misc_feat_iff
D:2:      layout_basic, serial_shops, shop_statue,
          ebering_ecumenical_altar_sacrificial
D:3:      layout_rooms, mainiacjoe_overflow_boulevard, old_standard_altar

Skill      XL: |  1  2  3 |
---------------+----------+-----
Fighting       | 4 |  4.2
Axes           | 3 |  3.5
Armour         | |  3.9
Shields        | |  3.9

Action                   |  1- 3 |  4- 6 || total
-------------------------+-------+-------++-------
Melee: War axe           |    78 |    16 ||    94
Throw: Boomerang         |     3 |       ||     3
  Use: Potion            |       |     1 ||     1
Armor: Scale mail        |    38 |    10 ||    48
Dodge: Dodged            |    25 |     7 ||    32
Block: Buckler           |    19 |     5 ||    24
